 Dungeon Crawl Stone Soup version 0.27-a0-1060-gcb85b5eba1 (webtiles) character file.

Game seed: 3219157873425525680

735 harryhousin the Protected (level 7, -3/56 HPs)
             Began as a Gnoll Wanderer on Apr 21, 2021.
             Was a Follower of Okawaru.
             Slain by a wyvern zombie (8 damage)
             ... on level 5 of the Dungeon.
             The game lasted 00:18:29 (4361 turns).

harryhousin the Protected (Gnoll Wanderer)          Turns: 4361, Time: 00:18:30

Health: -3/56      AC:  9    Str: 12    XL:     7   Next: 74%
Magic:  11/11      EV: 11    Int: 12    God:    Okawaru [*.....]
Gold:   175        SH:  0    Dex: 12    Spells: 11/11 levels left

rFire    . . .     SeeInvis .   d - +0 flail
rCold    . . .     Faith    .   (no shield)
rNeg     . . .     Spirit   .   n - +0 ring mail
rPois    .         Reflect  .   (no helmet)
rElec    .         Harm     .   (no cloak)
rCorr    .         Rampage  .   u - +0 pair of gloves
Will     .....                  e - +0 pair of boots
Stlth    +.........             (no amulet)
HPRegen  0.18/turn              (no ring)
MPRegen  0.12/turn              (no ring)

@: no status effects
A: fangs 1, strong nose, distributed training
a: Renounce Religion, Heroism


You were on level 5 of the Dungeon.
You worshipped Okawaru.
Okawaru was aware of your devotion.
You visited 1 branch of the dungeon, and saw 5 of its levels.

You collected 175 gold pieces.

Inventory:

Hand Weapons
 a - a +2 hand crossbow
 d - a +0 flail (weapon)
 s - a +2 quarterstaff of pain
Missiles
 b - 22 bolts
Armour
 e - a +0 pair of boots (worn)
 j - a +0 kite shield
 l - a +0 plate armour
 n - a +0 ring mail (worn)
 u - a +0 pair of gloves (worn)
Wands
 p - a wand of paralysis (7)
Scrolls
 k - a scroll of noise
 m - 2 scrolls of teleportation
 o - a scroll of enchant armour
 v - a scroll of magic mapping
Potions
 c - 3 potions of lignification
 f - a potion of degeneration
 g - a potion of haste
 h - a potion of magic {unknown}
 i - a potion of attraction {unknown}
 q - a potion of berserk rage {unknown}
 r - a potion of heal wounds {unknown}
 t - a potion of curing {unknown}
 w - a potion of brilliance {unknown}


   Skills:
 + Level 5.3 Fighting
 + Level 2.7 Short Blades
 + Level 2.7 Long Blades
 + Level 2.7 Axes
 + Level 2.7 Maces & Flails
 + Level 2.7 Polearms
 + Level 2.7 Staves
 + Level 2.7 Slings
 + Level 2.7 Bows
 + Level 5.3 Crossbows
 + Level 2.7 Throwing
 + Level 9.0 Armour
 + Level 2.7 Dodging
 + Level 2.7 Stealth
 + Level 3.8 Shields
 + Level 2.7 Unarmed Combat
 + Level 2.7 Spellcasting
 + Level 2.2 Conjurations
 + Level 2.2 Hexes
 + Level 2.2 Summonings
 + Level 2.2 Necromancy
 + Level 2.2 Translocations
 + Level 2.2 Transmutations
 + Level 2.2 Fire Magic
 + Level 2.2 Ice Magic
 + Level 2.2 Air Magic
 + Level 2.2 Earth Magic
 + Level 2.2 Poison Magic
 + Level 3.0 Invocations
 + Level 3.8 Evocations


You had 11 spell levels left.
You didn't know any spells.
Your spell library contained the following spells:

 Spells                   Type           Power      Damage    Failure   Level
 Freeze                   Ice            24%        1d5       21%         1
 Frozen Ramparts          Ice            12%        1d3       52%         3
 Ozocubu's Armour         Ice            6%         N/A       52%         3
 Hailstorm                Conj/Ice       6%         3d4       89%         4
 Metabolic Englaciation   Hex/Ice        3%         N/A       99%         5


Dungeon Overview and Level Annotations

Branches:
Dungeon (5/15)             Temple (0/1) D:5

Altars:
Okawaru


Innate Abilities, Weirdness & Mutations

You have very sharp teeth.
Your uncanny sense of smell can sniff out nearby items.
Your experience applies equally to all skills.


Message History

The wyvern zombie bites you.
You hit the wyvern zombie.
You bite the wyvern zombie, but do no damage.
The wyvern zombie is lightly damaged.
The wyvern zombie misses you. The wyvern zombie closely misses you.
You hit the wyvern zombie.
The wyvern zombie is moderately damaged.
The wyvern zombie bites you. The wyvern zombie misses you.
You hit the wyvern zombie. You punch the wyvern zombie.
The wyvern zombie is moderately damaged.
The wyvern zombie bites you.
You hit the wyvern zombie. Your bite misses the wyvern zombie.
The wyvern zombie is heavily damaged.
The wyvern zombie bites you but does no damage.
The wyvern zombie bites you.
You hit the wyvern zombie.
You bite the wyvern zombie, but do no damage.
The wyvern zombie is heavily damaged.
The wyvern zombie misses you.
You hit the wyvern zombie but do no damage.
You bite the wyvern zombie, but do no damage.
The wyvern zombie is heavily damaged.
The wyvern zombie misses you.
The wyvern zombie bites you but does no damage.
You hit the wyvern zombie.
The wyvern zombie is severely damaged.
The wyvern zombie bites you!
* * * LOW HITPOINT WARNING * * *
The wyvern zombie bites you!
* * * LOW HITPOINT WARNING * * *
You hit the wyvern zombie.
The wyvern zombie is severely damaged.
The wyvern zombie misses you.
You hit the wyvern zombie.
The wyvern zombie is severely damaged.
The wyvern zombie barely misses you. The wyvern zombie closely misses you.
You hit the wyvern zombie.
The wyvern zombie is almost destroyed.
The wyvern zombie bites you!
You die...

#W# #######..###.###.#
#.# #................#
#.# #.######.###.##..#
#.# #.# #.# #.##..# #.#
#)# #.# #.##... #.# #.#
#.# #.##.## #.# #.#
#.###.##.## #)# #.#
#..##.##.## #)#
######@#######.##.##.##
.#(# #....).Z...#
#..#.##... ..(#
#..........# ##.#.##.##
.### #..........#
#...##### .
#..........# ##..#####
#).........# #.......
#..........# #..#####
######.##### #..# #.#
#..##


You could see a wyvern zombie.

Vanquished Creatures
  A black bear (D:5)
  A centaur (D:5)
  A water moccasin skeleton (D:5)
  2 howler monkeys (D:5)
  A centaur zombie (D:5)
  A hound (D:5)
  2 orc priests (D:5)
  A bullfrog skeleton (D:2)
  2 centaur skeletons (D:4)
  Ijyb (D:3)
  An orc wizard (D:5)
  4 adders
  7 gnolls
  An adder zombie (D:5)
  A worm (D:2)
  A dart slug (D:1)
  3 orcs
  7 ball pythons
  8 bats
  7 endoplasms
  4 giant cockroaches
  9 goblins
  5 hobgoblins
  5 jackals
  4 kobolds
  3 quokkas
  4 frilled lizards
  5 rats
92 creatures vanquished.

Notes
Turn   | Place    | Note
-------+----------+-------------------------------------------
     0 | D:1      | harryhousin the Gnoll Wanderer began the quest for the Orb.
     0 | D:1      | harryhousin set off with the following items: a +2 hand
                  | crossbow, 25 bolts, 2 potions of lignification, a +0 robe
     0 | D:1      | Reached XP level 1. HP: 20/20 MP: 1/1
   284 | D:1      | Reached XP level 2. HP: 26/26 MP: 2/2
   521 | D:1      | Reached XP level 3. HP: 31/31 MP: 3/3
   579 | D:1      | Found a faded altar of an unknown god.
  1185 | D:2      | Reached skill level 1 in Invocations
  1187 | D:2      | Reached skill level 1 in Short Blades
  1187 | D:2      | Reached skill level 1 in Long Blades
  1187 | D:2      | Reached skill level 1 in Axes
  1187 | D:2      | Reached skill level 1 in Maces & Flails
  1187 | D:2      | Reached skill level 1 in Polearms
  1187 | D:2      | Reached skill level 1 in Staves
  1187 | D:2      | Reached skill level 1 in Slings
  1187 | D:2      | Reached skill level 1 in Bows
  1187 | D:2      | Reached skill level 1 in Throwing
  1187 | D:2      | Reached skill level 1 in Dodging
  1187 | D:2      | Reached skill level 1 in Stealth
  1187 | D:2      | Reached skill level 1 in Unarmed Combat
  1187 | D:2      | Reached skill level 1 in Spellcasting
  1188 | D:2      | Reached XP level 4. HP: 38/38 MP: 5/5
  1508 | D:2      | Reached skill level 1 in Conjurations
  1508 | D:2      | Reached skill level 1 in Hexes
  1508 | D:2      | Reached skill level 1 in Summonings
  1508 | D:2      | Reached skill level 1 in Necromancy
  1508 | D:2      | Reached skill level 1 in Translocations
  1508 | D:2      | Reached skill level 1 in Transmutations
  1508 | D:2      | Reached skill level 1 in Fire Magic
  1508 | D:2      | Reached skill level 1 in Ice Magic
  1508 | D:2      | Reached skill level 1 in Air Magic
  1508 | D:2      | Reached skill level 1 in Earth Magic
  1508 | D:2      | Reached skill level 1 in Poison Magic
  1516 | D:2      | Reached XP level 5. HP: 36/43 MP: 5/7
  2321 | D:3      | Found an iron altar of Okawaru.
  2329 | D:3      | Became a worshipper of Warmaster Okawaru
  2400 | D:3      | Noticed Ijyb
  2409 | D:3      | Killed Ijyb
  3220 | D:4      | Reached XP level 6. HP: 50/50 MP: 8/8
  3383 | D:5      | Entered Level 5 of the Dungeon
  3473 | D:5      | Reached skill level 5 in Fighting
  3473 | D:5      | Reached skill level 5 in Crossbows
  3720 | D:5      | Found a staircase to the Ecumenical Temple.
  3734 | D:5      | Reached XP level 7. HP: 53/56 MP: 10/10
  3832 | D:5      | Reached * piety under Okawaru
  4018 | D:5      | Reached skill level 9 in Armour
  4361 | D:5      | Slain by a wyvern zombie

Illustrated notes

Levels and vault maps discovered:
D:1:      lightli_arrival_chessboard, layout_basic,
          chequers_ecumenical_altar_simple
D:2:      layout_basic
D:3:      layout_basic, overflow_temple_1_default, uniq_ijyb
D:4:      layout_cave_pools, nicolae_zen_rock_garden,
          amcnicky_mini_corridor_feature, minmay_pentangle
D:5:      layout_basic, minmay_temple_entry_mini_moons

Skill      XL: |  1  2  3  4  5  6  7 |
---------------+----------------------+-----
Invocations    | 1 2 3 |  3.0
Short Blades   | 1 2 |  2.7
Long Blades    | 1 2 |  2.7
Axes           | 1 2 |  2.7
Maces & Flails | 1 2 |  2.7
Polearms       | 1 2 |  2.7
Staves         | 1 2 |  2.7
Slings         | 1 2 |  2.7
Bows           | 1 2 |  2.7
Throwing       | 1 2 |  2.7
Dodging        | 1 2 |  2.7
Stealth        | 1 2 |  2.7
Unarmed Combat | 1 2 |  2.7
Spellcasting   | 1 2 |  2.7
Conjurations   | 1 2 |  2.2
Hexes          | 1 2 |  2.2
Summonings     | 1 2 |  2.2
Necromancy     | 1 2 |  2.2
Translocations | 1 2 |  2.2
Transmutations | 1 2 |  2.2
Fire Magic     | 1 2 |  2.2
Ice Magic      | 1 2 |  2.2
Air Magic      | 1 2 |  2.2
Earth Magic    | 1 2 |  2.2
Poison Magic   | 1 2 |  2.2
Shields        | 3 |  3.8
Evocations     | 3 |  3.8
Fighting       | 5 |  5.3
Crossbows      | 5 |  5.3
Armour         | 9 |  9.0

Action                   |  1- 3 |  4- 6 |  7- 9 || total
-------------------------+-------+-------+-------++-------
Melee: Whip              |    11 |       |       ||    11
       Flail             |       |       |    25 ||    25
       Bite              |       |       |     7 ||     7
       Punch             |       |       |     2 ||     2
 Fire: Hand crossbow     |    52 |   144 |    29 ||   225
Evoke: Wand              |       |     3 |       ||     3
  Use: Scroll            |     1 |     7 |     1 ||     9
Armor: Robe              |     8 |       |       ||     8
       Leather armour    |       |     3 |       ||     3
       Ring mail         |       |    41 |     9 ||    50
Dodge: Dodged            |    23 |    35 |    19 ||    77

Table legend: (Time is in decaauts)
 A = Elapsed time spent in this place.
 B = Non-inter-level travel time spent in this place.
 C = Inter-level travel time spent in this place.
 D = Time resting spent in this place.
 E = Time spent auto-exploring this place.
 F = Levels seen in this place.
 G = Mean time per level.
                   A        B        C        D        E       F      G
               +--------+--------+--------+--------+--------+-----+--------+
         Total |   4425 |   4237 |    188 |    547 |   2334 |   5 |  885.0 |
       Dungeon |   4425 |   4237 |    188 |    547 |   2334 |   5 |  885.0 |
               +--------+--------+--------+--------+--------+-----+--------+

Top non-repeatable levels by time:
     D:1: 1161 daAuts
     D:4: 909 daAuts
     D:2: 890 daAuts
     D:5: 815 daAuts
     D:3: 648 daAuts
